 Dungeon Crawl Stone Soup version 0.28-a0-691-gad6df49e81 (webtiles) character file.

Game seed: 14045442144089548416

255 mordus the Shield-Bearer (level 6, -3/47 HPs)
             Began as a Formicid Fighter on Oct 20, 2021.
             Slain by an ogre (24 damage)
             ... on level 4 of the Dungeon.
             The game lasted 00:07:52 (3465 turns).

mordus the Shield-Bearer (Formicid Fighter)         Turns: 3465, Time: 00:07:53

Health: -3/47      AC: 16    Str: 25      XL:     6   Next: 38%
Magic:  0/6        EV:  8    Int:  7      God:
Gold:   156        SH:  4    Dex:  7 (8)  Spells: 5/5 levels left

rFire   . . .      SeeInvis +   h - +1 mace (protect)
rCold   . . .      Faith    .   c - +0 buckler
rNeg    . . .      Spirit   +   n - +0 chain mail
rPois   .          Reflect  .   (helmet unavailable)
rElec   .          Harm     .   (no cloak)
rCorr   .          Rampage  .   (no gloves)
Will    +....                   (no boots)
Stlth   ..........              k - amulet of guardian spirit
HPRegen 0.15/turn               (no ring)
MPRegen 0.10/turn               (no ring)

@: under a protective aura
A: permanent stasis, dig shafts and tunnels, antennae 3, four strong arms,
clumsy 1, deterioration 1, strong-willed 1, strong 1
a: Dig, Shaft Self


You were on level 4 of the Dungeon.
You visited 1 branch of the dungeon, and saw 4 of its levels.

You collected 156 gold pieces.

Inventory:

Hand Weapons
 a - a +0 flail
 h - a +1 mace of protection (weapon)
Armour
 b - a +0 scale mail
 c - a +0 buckler (worn)
 n - a +0 chain mail (worn)
Jewellery
 k - an amulet of guardian spirit (around neck)
Wands
 q - a wand of charming (6)
Scrolls
 e - 4 scrolls of identify {unknown}
 g - a scroll of silence {unknown}
 i - a scroll of enchant weapon {unknown}
 l - a scroll of magic mapping {unknown}
 o - a scroll of fear {unknown}
 p - a scroll of blinking {unknown}
Potions
 d - a potion of might
 f - a potion of flight
 j - a potion of curing {unknown}
 m - a potion of brilliance {unknown}


   Skills:
 - Level 3.2 Fighting
 * Level 4.6 Maces & Flails
 + Level 4.5 Armour
 + Level 5.0 Shields


You had 5 spell levels left.
You didn't know any spells.
Your spell library contained the following spells:

 Spells                   Type           Power      Damage    Failure   Level
 Summon Small Mammal      Summ           0%         N/A       96%         1
 Call Canine Familiar     Summ           0%         N/A       100%        3
 Dazzling Flash           Conj/Hex       0%         N/A       100%        3
 Ozocubu's Armour         Ice            0%         N/A       100%        3
 Summon Guardian Golem    Hex/Summ       0%         N/A       100%        3
 Agony                    Necr           0%         N/A       100%        5
 Fireball                 Conj/Fire      0%         3d3       100%        5
 Metabolic Englaciation   Hex/Ice        0%         N/A       100%        5
 Silence                  Hex/Air        0%         N/A       100%        5
 Simulacrum               Ice/Necr       0%         N/A       100%        6
 Starburst                Conj/Fire      0%         6d3       100%        6
 Ignition                 Fire           0%         3d3       100%        8


Dungeon Overview and Level Annotations

Branches:
Dungeon (4/15)
 Temple: D:4-7

Altars:
Dithmenos

Shops:
D:2 *


Innate Abilities, Weirdness & Mutations

You cannot be hasted, slowed, berserked, paralysed or teleported.
You can dig through walls and to a lower floor.
You have a pair of large antennae on your head. (SInv)
Your four strong arms can wield two-handed weapons with a shield.
You are clumsy. (Dex -2)
Your body sometimes deteriorates upon taking damage.
You are strong-willed. (Will+)
Your muscles are strong. (Str +2)


Message History

You miss the adder. The adder closely misses you.
An adder is nearby!
You sock the adder!
Your weapon exudes an aura of protection.
The adder is severely wounded.
The adder bites you but does no damage. x2
You miss the adder.
The adder is severely wounded.
The adder bites you but does no damage.
An adder is nearby!
You miss the adder.
The adder is severely wounded.
The adder bites you but does no damage. The adder completely misses you.
An adder is nearby!
You thump the adder!
Your weapon exudes an aura of protection.
You kill the adder!
No target in view!
An ogre comes into view. It is wielding a +0 giant spiked club.
The ogre shouts!
An ogre is nearby!
The ogre hits you with a +0 giant spiked club!
An ogre is nearby!
You barely miss the ogre.
The ogre hits you with a +0 giant spiked club!!
An ogre is nearby!
You are too injured to fight recklessly!
An ogre is nearby!
You are too injured to fight recklessly!
An ogre is nearby!
You are too injured to fight recklessly!
You are too injured to fight recklessly!
An ogre is nearby!
You are too injured to fight recklessly!
You sock the ogre!
Your weapon exudes an aura of protection.
The ogre is moderately wounded.
The ogre hits you with a +0 giant spiked club!!
Ouch! That really hurt!
You die...

######..#######
#..# ###..##
#.....#
#.#.####
#......#
####......#
#.........#
#$##...@..# #
#....O..#
#.......#
###.....#
#.....# #.....#
#.....# #.#####


You could see an ogre.

Vanquished Creatures
  Crazy Yiuf (D:3)
  An iguana (D:4)
  An orc wizard (D:3)
  Robin (D:3)
  5 gnolls
  4 adders
  A worm (D:3)
  3 dart slugs
  3 orcs (D:3)
  3 bats
  5 endoplasms
  6 giant cockroaches (D:2)
  6 hobgoblins
  A kobold (D:2)
  A quokka (D:3)
  10 ball pythons
  7 frilled lizards
  9 goblins
  10 rats
78 creatures vanquished.

Vanquished Creatures (others)
  A fungus (D:3)
  14 plants
15 creatures vanquished.

Grand Total: 93 creatures vanquished

Notes
Turn   | Place    | Note
-------+----------+-------------------------------------------
     0 | D:1      | mordus the Formicid Fighter began the quest for the Orb.
     0 | D:1      | Reached XP level 1. HP: 18/18 MP: 1/1
   266 | D:1      | Found a faded altar of an unknown god.
   280 | D:1      | Reached XP level 2. HP: 21/24 MP: 2/2
   838 | D:1      | Reached skill level 4 in Shields
   838 | D:1      | Reached XP level 3. HP: 29/29 MP: 3/3
  1513 | D:2      | Reached XP level 4. HP: 9/35 MP: 4/4
  1951 | D:2      | Found Jewnet's Assorted Antiques.
  2527 | D:3      | Noticed Robin
  2558 | D:3      | Killed Robin
  2559 | D:3      | Reached XP level 5. HP: 22/41 MP: 1/5
  2709 | D:3      | Found a shadowy altar of Dithmenos.
  3038 | D:3      | Reached XP level 6. HP: 40/47 MP: 6/6
  3294 | D:3      | Found a runed translucent door.
  3295 | D:3      | Noticed Crazy Yiuf
  3298 | D:3      | Gained mutation: Your body sometimes deteriorates upon
                  | taking damage. [potion of mutation]
  3298 | D:3      | Gained mutation: Your muscles are strong. (Str +2) [potion
                  | of mutation]
  3298 | D:3      | Gained mutation: You are clumsy. (Dex -2) [potion of
                  | mutation]
  3298 | D:3      | Gained mutation: You are strong-willed. (Will+) [potion of
                  | mutation]
  3303 | D:3      | Killed Crazy Yiuf
  3383 | D:4      | Reached skill level 5 in Shields
  3460 | D:4      | Noticed an ogre
  3465 | D:4      | Slain by an ogre

Illustrated notes

Levels and vault maps discovered:
D:1:      matt_arrival_spirals, layout_loops_ring, basic_ecumenical_altar
D:2:      minmay_inner_zag, layout_loops_cross, serial_shops,
          nicolae_shop_overgrown_old_shop, uniq_jessica
D:3:      layout_rooms, grunt_dithmenos_smoke, supply_closet_lemuel,
          serial_bayou_ford_a, uniq_robin, uniq_crazy_yiuf_cottage
D:4:      minmay_wonky_spiral, layout_basic, uniq_duvessa

Skill      XL: |  1  2  3  4  5  6 |
---------------+-------------------+-----
Shields        | 4 5 |  5.0
Maces & Flails | 3 4 |  4.6
Armour         | 4 |  4.5
Fighting       | |  3.2

Action                   |  1- 3 |  4- 6 || total
-------------------------+-------+-------++-------
Melee: Flail             |   103 |   170 ||   273
       Mace              |       |    15 ||    15
  Use: Potion            |       |     3 ||     3
 Stab: Distracted        |     1 |       ||     1
Armor: Scale mail        |    55 |    14 ||    69
       Chain mail        |       |    55 ||    55
Dodge: Dodged            |    54 |    52 ||   106
Block: Buckler           |    21 |    28 ||    49

Table legend: (Time is in decaauts)
 A = Elapsed time spent in this place.
 B = Non-inter-level travel time spent in this place.
 C = Inter-level travel time spent in this place.
 D = Time resting spent in this place.
 E = Time spent auto-exploring this place.
 F = Levels seen in this place.
 G = Mean time per level.
                   A        B        C        D        E       F      G
               +--------+--------+--------+--------+--------+-----+--------+
         Total |   3535 |   3419 |    116 |    411 |   2241 |   4 |  883.8 |
       Dungeon |   3535 |   3419 |    116 |    411 |   2241 |   4 |  883.8 |
               +--------+--------+--------+--------+--------+-----+--------+

Top non-repeatable levels by time:
     D:2: 1253 daAuts
     D:3: 1190 daAuts
     D:1: 992 daAuts
     D:4: 99 daAuts
